 Dungeon Crawl Stone Soup version 0.28-a0-1510-gd0f6b136d3 (webtiles) character file.

Game seed: 15537363547926297889

102 tatocazan the Covered (level 4, -2/29 HPs)
             Began as a Gargoyle Fighter on Jan 14, 2022.
             Slain by a gnoll (9 damage)
             ... on level 3 of the Dungeon.
             The game lasted 00:02:33 (2436 turns).

tatocazan the Covered (Gargoyle Fighter)            Turns: 2436, Time: 00:02:33

Health: -2/29      AC: 11    Str: 22    XL:     4   Next: 78%
Magic:  4/4        EV:  6    Int:  8    God:
Gold:   91         SH:  4    Dex:  9    Spells: 3/3 levels left

rFire   . . .      SeeInvis .   a - +0 flail
rCold   . . .      Faith    .   c - +0 buckler
rNeg    + . .      Spirit   .   b - +0 scale mail
rPois   ∞          Reflect  .   (no helmet)
rElec   +          Harm     .   (no cloak)
rCorr   .          Rampage  .   (no gloves)
Will    .....                   g - +0 pair of boots
Stlth   ..........              (no amulet)
HPRegen 0.09/turn               (no ring)
MPRegen 0.09/turn               (no ring)

@: constricted
A: sickness immunity, AC +3, negative energy resistance 1, electricity
resistance, torment resistance 1, petrification resistance
a: no special abilities


You were on level 3 of the Dungeon.
You visited 1 branch of the dungeon, and saw 4 of its levels.

You collected 91 gold pieces.

Inventory:

Hand Weapons
 a - a +0 flail (weapon)
Armour
 b - a +0 scale mail (worn)
 c - a +0 buckler (worn)
 g - a +0 pair of boots (worn)
Scrolls
 e - a scroll of enchant weapon {unknown}
 f - a scroll of summoning {unknown}
 i - a scroll of noise {unknown}
 j - 2 scrolls of amnesia {unknown}
 l - a scroll of identify {unknown}
Potions
 d - a potion of might
 h - a potion of cancellation {unknown}
 k - a potion of haste {unknown}


   Skills:
 + Level 4.1 Fighting
 + Level 2.9 Maces & Flails
 + Level 4.1 Armour
 + Level 4.0 Shields


You had 3 spell levels left.
You didn't know any spells.
Your spell library was empty.

Dungeon Overview and Level Annotations

Branches:
Dungeon (4/15)
 Temple: D:4-7

Altars:

Annotations:
D:3 Robin


Innate Abilities, Weirdness & Mutations

You are immune to sickness and miasma.
Your stone body is resilient. (AC +3)
You are immune to poison.
You resist negative energy. (rN+)
You are resistant to electric shocks. (rElec)
You are resistant to unholy torment.
You are immune to petrification.


Message History

You hear a shout!
The goblin shouts!
Found 19 gold pieces.
There is a stone staircase leading up here.
There are monsters nearby!
There are monsters nearby!
The goblin barely misses you.
You climb upwards.
There is a stone staircase leading down here.
You barely miss the goblin. The goblin hits you but does no damage.
You miss the goblin. The goblin closely misses you.
The goblin barely misses you.
You sock the goblin!
You kill the goblin!
No target in view!
No target in view!
No target in view!
You climb downwards.
Level annotation: Robin The gnoll shouts!
The ball python bites you but does no damage.
You block the ball python's attack. Robin throws the goblin at you!
The hobgoblin closely misses you.
The goblin unwields a +0 hunting sling.
The goblin wields a +0 dagger.
The goblin hits you with a +0 dagger.
The hobgoblin hits you but does no damage.
The ball python bites you. The ball python grabs you.
The ball python constricts you.
The gnoll hits you from afar with a +0 halberd!
The goblin hits you with a dagger. Robin throws the goblin at you!
* * * LOW HITPOINT WARNING * * *
A giant cockroach comes into view.
You block the hobgoblin's attack.
The hobgoblin hits you but does no damage.
There is a stone staircase leading up here.
The ball python's grasp on you weakens, but your attempt to escape fails.
The goblin barely misses you.
The ball python bites you but does no damage.
The ball python constricts you. The goblin hits you with a +0 club.
* * * LOW HITPOINT WARNING * * *
The gnoll hits you from afar with a +0 halberd!
You die...

### .# .. .. #
.# . .# #
##.#### .#
......S#g##g#g#
.B.$..g@gggg...
#.#
.#.###g#g##...#
#.. #g ..# #
#.. g. ..# ..#
..g ... ###.
#.#. #. $#.# #.
.# #


You could see Robin, 3 gnolls, a giant cockroach, 3 hobgoblins, 6 goblins and a
ball python.

Vanquished Creatures
  A gnoll (D:1)
  An adder (D:2)
  An ufetubus (D:4)
  An adder skeleton (D:4)
  2 worms
  A dart slug (D:1)
  An orc (D:2)
  5 endoplasms
  4 giant cockroaches
  7 goblins
  3 hobgoblins
  12 jackals
  3 quokkas
  8 ball pythons
  4 bats
  2 frilled lizards (D:1)
  A kobold (D:1)
  5 rats
62 creatures vanquished.

Notes
Turn   | Place    | Note
-------+----------+-------------------------------------------
     0 | D:1      | tatocazan the Gargoyle Fighter began the quest for the Orb.
     0 | D:1      | Reached XP level 1. HP: 14/14 MP: 1/1
   270 | D:1      | Reached XP level 2. HP: 19/19 MP: 2/2
   723 | D:1      | Reached XP level 3. HP: 22/23 MP: 3/3
  1383 | D:2      | You fall into a shaft and drop 2 floors!
  1411 | D:4      | Reached XP level 4. HP: 27/29 MP: 4/4
  2428 | D:3      | Noticed Robin
  2436 | D:3      | Slain by a gnoll

Illustrated notes

Levels and vault maps discovered:
D:1:      evilmike_arrival_plus, layout_basic
D:2:      layout_basic
D:3:      layout_loops_ring, mainiacjoe_overflow_chevrons,
          gammafunk_ghost_gnarly_gnolls, uniq_ijyb, uniq_terence, uniq_robin
D:4:      kennysheep_six_static_rooms, layout_basic,
          nemelex_xobeh_ov_fountains_minmay, minmay_temple_entry_from_below_b

Skill      XL: |  1  2  3  4 |
---------------+-------------+-----
Armour         | 4 |  4.1
Fighting       | 4 |  4.1
Shields        | 4 |  4.0
Maces & Flails | |  2.9

Action                   |  1- 3 |  4- 6 || total
-------------------------+-------+-------++-------
Melee: Flail             |   124 |    84 ||   208
Armor: Scale mail        |    91 |    78 ||   169
Dodge: Dodged            |    70 |    55 ||   125
Block: Buckler           |    32 |    26 ||    58

Table legend: (Time is in decaauts)
 A = Elapsed time spent in this place.
 B = Non-inter-level travel time spent in this place.
 C = Inter-level travel time spent in this place.
 D = Time resting spent in this place.
 E = Time spent auto-exploring this place.
 F = Levels seen in this place.
 G = Mean time per level.
                   A        B        C        D        E       F      G
               +--------+--------+--------+--------+--------+-----+--------+
         Total |   2502 |   2448 |     54 |    430 |   1508 |   4 |  625.5 |
       Dungeon |   2502 |   2448 |     54 |    430 |   1508 |   4 |  625.5 |
               +--------+--------+--------+--------+--------+-----+--------+

Top non-repeatable levels by time:
     D:1: 1414 daAuts
     D:2: 559 daAuts
     D:4: 293 daAuts
     D:3: 234 daAuts
